[Event "Asian Zonal-ch 3.5 Women 2019"]
[Site "Zi Bo"]
[Date "2019.09.05"]
[Round "2.1"]
[White "Lei, Tingjie"]
[Black "Li, Yunshan"]
[Result "1/2-1/2"]
[ECO "C50"]
[WhiteElo "2483"]
[BlackElo "2261"]
[Annotator "ChessBase"]
[PlyCount "171"]
[EventDate "2019.09.05"]
[EventType "swiss"]
[EventCountry "CHN"]
[SourceTitle "playchess.com"]
[Source "ChessBase"]
[SourceQuality "1"]
[TimeControl "5400+30"]

1. e4 e5 2. Bc4 Bc5 3. Nf3 Nc6 4. O-O Nf6 5. d3 O-O 6. a4 a5 7. c3 h6 8. d4 Bb6 9. dxe5 Nxe4 10. Bd5 Nc5 11. Na3 d6 12. exd6 Qxd6 13. Nc4 Qg6 14. Nxb6 cxb6 15. Be3 Rd8 16. Bxc5 bxc5 17. Qb3 Be6 18. Bxe6 Qxe6 19. Qxe6 fxe6 20. Rfe1 Rd6 21. Kf1 Kf7 22. Ra3 Rb8 23. Ke2 b5 24. axb5 Rxb5 25. Rb1 Rd8 26. Nd2 Ne5 27. Ra4 g5 28. g3 Rdb8 29. Re4 Kf6 30. f4 gxf4 31. Rxf4+ Ke7 32. Re4 Nf7 33. b3 Nd6 34. Rg4 c4 35. Nxc4 Rxb3 36. Rxb3 Rxb3 37. Nxd6 Kxd6 38. Kd3 Rb5 39. Rh4 h5 40. Kc2 Kc6 41. Re4 Kd6 42. Ra4 Kc6 43. Rd4 Kc7 44. Rf4 Kd6 45. Rc4 Kd7 46. Rd4+ Kc7 47. c4 Rf5 48. Kb3 Kc6 49. Re4 Kd6 50. Ka4 Rc5 51. Kb3 Rf5 52. Rh4 Rg5 53. Rd4+ Kc6 54. Rd8 Kc7 55. Ra8 Rc5 56. Kc3 Rf5 57. Rh8 Kd6 58. Kd4 Rg5 59. Rh7 Rg4+ 60. Kc3 Rg5 61. Rh8 Kc6 62. Kb3 Kd6 63. Kc2 Kc5 64. Kc3 Kd6 65. Kd3 Kc6 66. Ra8 Rf5 67. Ra6+ Kd7 68. Kd4 h4 69. gxh4 Rh5 70. h3 e5+ 71. Kd5 e4+ 72. Kxe4 Rxh4+ 73. Kd5 Rh5+ 74. Kd4 Rxh3 75. Rxa5 Rh4+ 76. Kc3 Rh6 77. Ra7+ Kc8 78. Kb4 Kb8 79. Rf7 Rh5 80. c5 Rh6 81. Re7 Kc8 82. Kb5 Rg6 83. Ra7 Rh6 84. Ra4 Kc7 85. Rf4 Rg6 86. Rf5 1/2-1/2

[Event "Asian Zonal-ch 3.5 Women 2019"]
[Site "Zi Bo"]
[Date "2019.09.05"]
[Round "2.2"]
[White "Song, Yuxin"]
[Black "Zhu, Jiner"]
[Result "0-1"]
[ECO "E05"]
[WhiteElo "2305"]
[BlackElo "2471"]
[Annotator "ChessBase"]
[PlyCount "78"]
[EventDate "2019.09.05"]
[EventType "swiss"]
[EventCountry "CHN"]
[SourceTitle "playchess.com"]
[Source "ChessBase"]
[SourceQuality "1"]
[TimeControl "5400+30"]

1. d4 Nf6 2. c4 e6 3. g3 d5 4. Bg2 Be7 5. Nf3 O-O 6. O-O dxc4 7. Qc2 b5 8. a4 b4 9. Nfd2 Nd5 10. Nxc4 c5 11. dxc5 Ba6 12. Ne3 Nd7 13. Rd1 Rc8 14. c6 Nb8 15. Nxd5 exd5 16. Bxd5 Nxc6 17. Qe4 Kh8 18. Bf4 Bf6 19. e3 Re8 20. Qg2 Ne7 21. Bb3 Qxd1+ 22. Bxd1 Rc1 23. Qf3 Rd8 24. Nd2 Rxa1 25. e4 Ng6 26. e5 Nxe5 27. Bxe5 Rxd2 28. Qa8+ Rd8 29. Qxa7 Raxd1+ 30. Kg2 Bf1+ 31. Kf3 Bxe5 32. Qxf7 Bxb2 33. a5 b3 34. Qb7 Bf6 35. a6 Bxa6 36. Qxa6 b2 37. Qb7 b1=Q 38. Qxb1 Rxb1 39. h4 Rd2 0-1

[Event "Asian Zonal-ch 3.5 Women 2019"]
[Site "Zi Bo"]
[Date "2019.09.05"]
[Round "2.3"]
[White "Huang, Qian"]
[Black "Zhao, Shengxin"]
[Result "1-0"]
[ECO "E05"]
[WhiteElo "2429"]
[BlackElo "2162"]
[Annotator "ChessBase"]
[PlyCount "151"]
[EventDate "2019.09.05"]
[EventType "swiss"]
[EventCountry "CHN"]
[SourceTitle "playchess.com"]
[Source "ChessBase"]
[SourceQuality "1"]
[TimeControl "5400+30"]

1. d4 Nf6 2. c4 e6 3. Nf3 d5 4. g3 Be7 5. Bg2 O-O 6. O-O dxc4 7. Qc2 a6 8. a4 Bd7 9. Qxc4 Bc6 10. Bg5 Bd5 11. Qc2 Be4 12. Qc1 h6 13. Bxf6 Bxf6 14. Nc3 Bxf3 15. Bxf3 c6 16. Rd1 a5 17. Ne4 Na6 18. h4 Nb4 19. e3 Be7 20. Qc4 Qb6 21. Kg2 Nd5 22. b3 Rfd8 23. Rac1 Qb4 24. Qc2 Rac8 25. Qc4 Qxc4 26. bxc4 Nb6 27. c5 Nxa4 28. Ra1 b5 29. cxb6 Nxb6 30. Rxa5 Ra8 31. Rxa8 Rxa8 32. Rc1 Rc8 33. h5 Kf8 34. Be2 f5 35. Nd2 c5 36. dxc5 Rxc5 37. Rb1 Nd5 38. Nb3 Rc3 39. Nd4 Kf7 40. Bf3 Nb4 41. g4 Nc2 42. Ne2 Rc5 43. gxf5 exf5 44. Nf4 Bd6 45. Nd5 Ke6 46. Nb6 f4 47. e4 Nd4 48. Nd5 Rb5 49. Rd1 Nxf3 50. Kxf3 Rb3+ 51. Kg4 Rb2 52. Rf1 Rb5 53. f3 Rb2 54. Nxf4+ Bxf4 55. Kxf4 Rh2 56. Rg1 Rh4+ 57. Rg4 Rxh5 58. Rxg7 Rh4+ 59. Kg3 Rh1 60. Ra7 Ke5 61. Ra5+ Kd6 62. Kg2 Rh4 63. Kg3 Rh1 64. Ra2 Ke5 65. Rh2 Rg1+ 66. Kf2 Rg6 67. Rh5+ Kf6 68. f4 Kg7 69. Ra5 Rb6 70. Kf3 Kg6 71. Kg4 Rb4 72. Ra6+ Kg7 73. e5 h5+ 74. Kg5 h4 75. Rg6+ Kf7 76. Rh6 1-0

[Event "Asian Zonal-ch 3.5 Women 2019"]
[Site "Zi Bo"]
[Date "2019.09.05"]
[Round "2.4"]
[White "Gu, Tianlu"]
[Black "Zhai, Mo"]
[Result "1/2-1/2"]
[ECO "B11"]
[WhiteElo "2239"]
[BlackElo "2360"]
[Annotator "ChessBase"]
[PlyCount "92"]
[EventDate "2019.09.05"]
[EventType "swiss"]
[EventCountry "CHN"]
[SourceTitle "playchess.com"]
[Source "ChessBase"]
[SourceQuality "1"]
[TimeControl "5400+30"]

1. e4 c6 2. Nc3 d5 3. Nf3 dxe4 4. Nxe4 Nf6 5. Qe2 Nxe4 6. Qxe4 Qa5 7. Bc4 Bf5 8. Qf4 e6 9. c3 Be7 10. O-O Nd7 11. b4 Qb6 12. Re1 Bg6 13. d3 Qd8 14. Be3 O-O 15. Rad1 Bf6 16. Bd4 Bxd4 17. Qxd4 Nb6 18. Qf4 a5 19. a3 Na4 20. Qc1 c5 21. bxc5 Nxc5 22. Ne5 Rc8 23. Bb5 Qc7 24. Qe3 b6 25. d4 Nb7 26. Ba6 Rb8 27. Bxb7 Rxb7 28. c4 Bh5 29. Rc1 f6 30. Nd3 Bf7 31. c5 Rbb8 32. Rc3 Qc6 33. Rec1 Rfd8 34. h3 h6 35. cxb6 Qxb6 36. Nc5 Qd6 37. Rd3 Qd5 38. Na6 Rb2 39. Nc7 Qd6 40. a4 Rb4 41. Nb5 Qd5 42. Rc5 Qd7 43. Rc7 Qd5 44. Rc5 Qd7 45. Rc7 Qd5 46. Rc5 Qd7 1/2-1/2

[Event "Asian Zonal-ch 3.5 Women 2019"]
[Site "Zi Bo"]
[Date "2019.09.05"]
[Round "2.5"]
[White "Zhang, Lanlin"]
[Black "Li, Xueyi"]
[Result "1/2-1/2"]
[ECO "B13"]
[WhiteElo "2203"]
[BlackElo "2323"]
[Annotator "ChessBase"]
[PlyCount "63"]
[EventDate "2019.09.05"]
[EventType "swiss"]
[EventCountry "CHN"]
[SourceTitle "playchess.com"]
[Source "ChessBase"]
[SourceQuality "1"]
[TimeControl "5400+30"]

1. e4 c6 2. d4 d5 3. exd5 cxd5 4. Bd3 Nc6 5. c3 Qc7 6. Ne2 e6 7. O-O Bd6 8. h3 Nge7 9. b4 Ng6 10. Na3 a6 11. f4 O-O 12. Nc2 Bd7 13. Ne1 Nce7 14. Nf3 f6 15. Qc2 Bb5 16. Bxb5 axb5 17. Ne1 Nh4 18. Nd3 e5 19. fxe5 fxe5 20. Bg5 Nhg6 21. dxe5 Nxe5 22. Nd4 h6 23. Bf4 N7c6 24. Bxe5 Bxe5 25. Ne6 Rxf1+ 26. Rxf1 Qe7 27. Nxe5 Qxe6 28. Nf3 d4 29. Nxd4 Nxd4 30. cxd4 Rxa2 31. Qc5 Rd2 32. Qf8+ 1/2-1/2

[Event "Asian Zonal-ch 3.5 Women 2019"]
[Site "Zi Bo"]
[Date "2019.09.05"]
[Round "2.6"]
[White "Ning, Kaiyu"]
[Black "Ren, Xiaoyi"]
[Result "1-0"]
[ECO "D23"]
[WhiteElo "2354"]
[BlackElo "2231"]
[Annotator "ChessBase"]
[PlyCount "97"]
[EventDate "2019.09.05"]
[EventType "swiss"]
[EventCountry "CHN"]
[SourceTitle "playchess.com"]
[Source "ChessBase"]
[SourceQuality "1"]
[TimeControl "5400+30"]

1. d4 d5 2. c4 c6 3. Nf3 Nf6 4. Qc2 dxc4 5. Qxc4 Bf5 6. g3 e6 7. Bg2 Nbd7 8. O-O Be7 9. e3 O-O 10. Qe2 Qc7 11. Rd1 c5 12. Nc3 cxd4 13. Nxd4 Bg6 14. e4 a6 15. Nb3 Rad8 16. Bf4 e5 17. Be3 Nc5 18. Nxc5 Bxc5 19. Qc4 Bb6 20. Qxc7 Bxc7 21. f3 Rxd1+ 22. Rxd1 Rd8 23. Rxd8+ Bxd8 24. Bh3 Ne8 25. Bc5 b6 26. Ba3 f6 27. Bc8 a5 28. Nd5 Bf7 29. Bd7 g6 30. Kf2 f5 31. Bxe8 Bxe8 32. Bd6 fxe4 33. fxe4 Kf7 34. Bxe5 Bc6 35. Ke3 Ke6 36. Kd4 b5 37. Bc7 Bxc7 38. Nxc7+ Kd6 39. Nd5 h5 40. Nf4 Be8 41. h4 Bf7 42. a3 Be8 43. Nd3 Bf7 44. Nc5 a4 45. Nd3 Be8 46. Nf4 Bf7 47. e5+ Ke7 48. Kc5 Be8 49. Nd5+ 1-0

[Event "Asian Zonal-ch 3.5 Women 2019"]
[Site "Zi Bo"]
[Date "2019.09.05"]
[Round "2.7"]
[White "Wang, Yuehan"]
[Black "Yuan, Ye"]
[Result "0-1"]
[ECO "B44"]
[WhiteElo "1600"]
[BlackElo "2092"]
[Annotator "NA"]
[PlyCount "98"]
[EventDate "2019.09.05"]
[EventType "swiss"]
[EventCountry "CHN"]
[SourceTitle "playchess.com"]
[Source "ChessBase"]
[SourceQuality "1"]
[TimeControl "5400+30"]

1. e4 c5 2. Nf3 e6 3. d4 cxd4 4. Nxd4 Nc6 5. Nb5 d6 6. c4 Nf6 7. N1c3 a6 8. Nd4 Ne5 9. Be2 Qc7 10. Be3 Be7 11. O-O O-O 12. Rc1 b6 13. f3 Bb7 14. Qd2 Rac8 15. Rfd1 Qb8 16. b3 Bd8 17. Bf1 Bc7 18. Qf2 Ned7 19. g3 Kh8 20. b4 Rg8 21. h4 d5 22. exd5 Bxg3 23. Qg2 Bxh4 24. dxe6 fxe6 25. Nxe6 Qe5 26. Bg5 Qxe6 27. Bxh4 Ne5 28. Ne4 Nxf3+ 29. Qxf3 Bxe4 30. Bh3 Qf7 31. Qf1 Rcf8 32. Qf2 Qe8 33. Qe3 g5 34. Bg3 g4 35. Bf1 Rg7 36. Qxb6 Qh5 37. Rd8 Qh1+ 38. Kf2 Qf3+ 39. Ke1 Qxg3+ 40. Kd2 Rgg8 41. Rxf8 Rxf8 42. Re1 Qf4+ 43. Kc3 g3 44. Qd4 Qf3+ 45. Kb2 g2 46. Be2 Qg3 47. Rd1 Qg7 48. Ka3 Ba8 49. c5 Ne4 0-1

[Event "Asian Zonal-ch 3.5 Women 2019"]
[Site "Zi Bo"]
[Date "2019.09.05"]
[Round "2.8"]
[White "Cai Youyang"]
[Black "Zhou, Zirun"]
[Result "1-0"]
[ECO "E49"]
[WhiteElo "1910"]
[BlackElo "2155"]
[Annotator "ChessBase"]
[PlyCount "55"]
[EventDate "2019.09.05"]
[EventType "swiss"]
[EventCountry "CHN"]
[SourceTitle "playchess.com"]
[Source "ChessBase"]
[SourceQuality "1"]
[TimeControl "5400+30"]

1. d4 Nf6 2. c4 e6 3. Nc3 d5 4. e3 Bb4 5. a3 Bxc3+ 6. bxc3 O-O 7. Bd3 b6 8. Ne2 Ba6 9. cxd5 exd5 10. O-O c5 11. f3 Re8 12. Ng3 Qc7 13. Ra2 Qb7 14. Re2 Nc6 15. Bxa6 Qxa6 16. e4 dxe4 17. fxe4 Qc4 18. Bg5 Qxc3 19. Bxf6 gxf6 20. Nf5 Red8 21. Re3 Qc4 22. Qg4+ Kf8 23. d5 Ne5 24. Qg7+ Ke8 25. Qxf6 Ng6 26. Ng7+ Kd7 27. Qxf7+ Kc8 28. Ne6 1-0

[Event "Asian Zonal-ch 3.5 Women 2019"]
[Site "Zi Bo"]
[Date "2019.09.05"]
[Round "2.9"]
[White "Yan, Tianqi"]
[Black "Zhang, Yuxuan"]
[Result "1-0"]
[ECO "B40"]
[WhiteElo "2122"]
[BlackElo "1979"]
[Annotator "ChessBase"]
[PlyCount "65"]
[EventDate "2019.09.05"]
[EventType "swiss"]
[EventCountry "CHN"]
[SourceTitle "playchess.com"]
[Source "ChessBase"]
[SourceQuality "1"]
[TimeControl "5400+30"]

1. e4 c5 2. Nf3 e6 3. g3 Nc6 4. Bg2 d6 5. O-O Be7 6. Re1 Bf6 7. c3 Nge7 8. d4 cxd4 9. cxd4 O-O 10. Nc3 g6 11. Bh6 Re8 12. Qd2 Bh8 13. Rad1 Rb8 14. Qc1 b5 15. e5 d5 16. Qf4 Bd7 17. g4 Nc8 18. Ng5 Qe7 19. Nxd5 exd5 20. Bxd5 Nd8 21. e6 fxe6 22. Qxb8 Nb6 23. Bb3 Nf7 24. Qf4 Nxh6 25. Nxe6 Nc4 26. Qxh6 Qb4 27. Bxc4 bxc4 28. a3 Qd6 29. Ng5 Rxe1+ 30. Rxe1 Bg7 31. Qxh7+ Kf8 32. Qh3 Bc6 33. Qg3 1-0

[Event "Asian Zonal-ch 3.5 Women 2019"]
[Site "Zi Bo"]
[Date "2019.09.05"]
[Round "2.10"]
[White "Zhao, Caidi"]
[Black "Hu, Yu A."]
[Result "0-1"]
[ECO "B90"]
[WhiteElo "1540"]
[BlackElo "2105"]
[Annotator "ChessBase"]
[PlyCount "86"]
[EventDate "2019.09.05"]
[EventType "swiss"]
[EventCountry "CHN"]
[SourceTitle "playchess.com"]
[Source "ChessBase"]
[SourceQuality "1"]
[TimeControl "5400+30"]

1. e4 c5 2. Nf3 d6 3. d4 cxd4 4. Nxd4 Nf6 5. Nc3 a6 6. Be3 e5 7. Nb3 Be6 8. f3 h5 9. Qd2 Nbd7 10. Be2 Nb6 11. Rd1 Be7 12. O-O O-O 13. Qe1 Nc4 14. Bc1 b5 15. Kh1 Qc7 16. Qg3 b4 17. Nb1 g6 18. Bd3 a5 19. f4 exf4 20. Qxf4 Ne5 21. Be3 Nh7 22. Bd4 Bg5 23. Qg3 Bg4 24. Rde1 Qe7 25. Bxe5 dxe5 26. Qf2 a4 27. Nc1 h4 28. Nd2 h3 29. Nf3 hxg2+ 30. Qxg2 Bxf3 31. Rxf3 Bf4 32. Ne2 Ng5 33. Rff1 Ne6 34. Qh3 Kg7 35. Qg4 Rh8 36. Nxf4 Nxf4 37. Rf3 Rh4 38. Qg3 Rah8 39. Rf2 Rh3 40. Qg4 Qc5 41. Ref1 R8h4 42. Qd1 Qe3 43. Qe1 Rxh2+ {[%emt 0:00:25] Qd1 R2h3+} 0-1

[Event "Asian Zonal-ch 3.5 Women 2019"]
[Site "Zi Bo"]
[Date "2019.09.05"]
[Round "2.11"]
[White "Bai, Xue"]
[Black "Xue, Yue"]
[Result "1-0"]
[ECO "B80"]
[WhiteElo "2093"]
[BlackElo "1678"]
[Annotator "NA"]
[PlyCount "55"]
[EventDate "2019.09.05"]
[EventType "swiss"]
[EventCountry "CHN"]
[SourceTitle "playchess.com"]
[Source "ChessBase"]
[SourceQuality "1"]
[TimeControl "5400+30"]

1. e4 c5 2. Nf3 d6 3. d4 cxd4 4. Nxd4 Nf6 5. Nc3 Nc6 6. g3 e6 7. Bg2 a6 8. O-O Qc7 9. Re1 Be7 10. Nce2 O-O 11. Nxc6 bxc6 12. c4 Bb7 13. Qc2 Rfd8 14. Bf4 Nh5 15. Be3 Rac8 16. Rac1 c5 17. Nc3 Nf6 18. Qe2 Nd7 19. f4 Rf8 20. Bf2 Bf6 21. Qd3 Rcd8 22. g4 Nb8 23. g5 Be7 24. Qg3 f6 25. Bh3 e5 26. g6 exf4 27. gxh7+ Kxh7 28. Qh4+ 1-0

[Event "Asian Zonal-ch 3.5 Women 2019"]
[Site "Zi Bo"]
[Date "2019.09.05"]
[Round "2.12"]
[White "Zhang, Xiao"]
[Black "Ha, Yihan"]
[Result "1-0"]
[ECO "E01"]
[WhiteElo "2073"]
[BlackElo "1580"]
[Annotator "NA"]
[PlyCount "75"]
[EventDate "2019.09.05"]
[EventType "swiss"]
[EventCountry "CHN"]
[SourceTitle "playchess.com"]
[Source "ChessBase"]
[SourceQuality "1"]
[TimeControl "5400+30"]

1. d4 d5 2. c4 e6 3. Nf3 Nf6 4. g3 Bb4+ 5. Nbd2 dxc4 6. Qc2 O-O 7. Qxc4 Bxd2+ 8. Bxd2 c6 9. Bg2 Nbd7 10. O-O Nb6 11. Qc2 Bd7 12. Ne5 Rc8 13. a4 Nbd5 14. e4 Nc7 15. Bb4 Re8 16. Nc4 Na6 17. Ba3 b5 18. Nd6 b4 19. Qe2 Qb6 20. a5 Qxa5 21. Nxe8 Rxe8 22. Bxb4 Qxb4 23. Qxa6 Qxd4 24. Qxa7 Qxa7 25. Rxa7 e5 26. Rd1 Be6 27. Rc7 Bb3 28. Ra1 h6 29. Rxc6 Rb8 30. f3 Rb4 31. Ra8+ Kh7 32. Bh3 Nh5 33. Bf5+ g6 34. Bxg6+ fxg6 35. Rc7+ Ng7 36. Raa7 Rb6 37. Rxg7+ Kh8 38. Rgb7 1-0

[Event "Asian Zonal-ch 3.5 Women 2019"]
[Site "Zi Bo"]
[Date "2019.09.07"]
[Round "5.2"]
[White "Bai, Xue"]
[Black "Yan, Tianqi"]
[Result "0-1"]
[ECO "B41"]
[WhiteElo "2093"]
[BlackElo "2122"]
[Annotator "ChessBase"]
[PlyCount "102"]
[EventDate "2019.09.05"]
[EventType "swiss"]
[EventCountry "CHN"]
[SourceTitle "playchess.com"]
[Source "ChessBase"]
[SourceQuality "1"]
[TimeControl "5400+30"]

1. e4 c5 2. Nf3 e6 3. d4 cxd4 4. Nxd4 a6 5. g3 d5 6. Bg2 dxe4 7. Bxe4 e5 8. Nb3 Qxd1+ 9. Kxd1 Nf6 10. Bg2 Nc6 11. Re1 Bg4+ 12. f3 O-O-O+ 13. Bd2 Bf5 14. Kc1 h5 15. Nc3 Nb4 16. Ne4 h4 17. a3 Nc6 18. Nxf6 gxf6 19. g4 Be6 20. Be3 Bxb3 21. cxb3 Nd4 22. Bxd4 Rxd4 23. Kc2 Bh6 24. Rad1 Rhd8 25. Rxd4 Rxd4 26. Rd1 Rf4 27. h3 f5 28. Re1 f6 29. Re2 Kd7 30. Rd2+ Ke6 31. Kd1 a5 32. Ke2 a4 33. Rd3 b5 34. bxa4 bxa4 35. Rc3 Rd4 36. Rc2 Bf4 37. Bf1 Kf7 38. gxf5 Kg7 39. Kf2 Kh6 40. Be2 Kg5 41. Rc4 Rd2 42. Rxa4 Rxb2 43. Re4 Kxf5 44. a4 Ra2 45. Kf1 Kg5 46. Bb5 f5 47. Re2 Ra3 48. Kg2 Be3 49. Rc2 Kf4 50. Rc8 Ra2+ 51. Kf1 Kxf3 0-1

[Event "Asian Zonal-ch 3.5 Women 2019"]
[Site "Zi Bo"]
[Date "2019.09.07"]
[Round "5.7"]
[White "Ren, Xiaoyi"]
[Black "Zhang, Yuxuan"]
[Result "1-0"]
[ECO "E61"]
[WhiteElo "2231"]
[BlackElo "1979"]
[Annotator "ChessBase"]
[PlyCount "107"]
[EventDate "2019.09.05"]
[EventType "swiss"]
[EventCountry "CHN"]
[SourceTitle "playchess.com"]
[Source "ChessBase"]
[SourceQuality "1"]
[TimeControl "5400+30"]

1. d4 Nf6 2. c4 g6 3. Bf4 Bg7 4. Nf3 O-O 5. e3 c5 6. Be2 d6 7. h3 Nc6 8. Nc3 Bf5 9. O-O cxd4 10. exd4 Ne4 11. Nxe4 Bxe4 12. d5 Bxf3 13. Bxf3 Ne5 14. Be2 a5 15. Rc1 Nd7 16. b3 b6 17. Re1 Re8 18. Qd2 Qc7 19. Bf1 Nc5 20. Re3 Bf6 21. Rce1 Ra7 22. a4 Qd8 23. Be2 Rd7 24. Bg4 Ra7 25. Qd1 Qc7 26. Qf3 Nd7 27. Qg3 Ne5 28. Bd1 Qc5 29. h4 e6 30. dxe6 Rxe6 31. h5 Rae7 32. hxg6 hxg6 33. Bg4 Nxg4 34. Rxe6 Rxe6 35. Rxe6 fxe6 36. Qxg4 Kf7 37. Qf3 Qd4 38. g3 d5 39. cxd5 Qxd5 40. Qe3 Bd4 41. Qc1 Bc5 42. Qc3 Qd1+ 43. Kg2 Qd5+ 44. Qf3 Kf6 45. g4 Be7 46. Be3+ Qxf3+ 47. Kxf3 Bd8 48. Ke4 Bc7 49. Kd4 Bd6 50. Kc4 Bb4 51. Kb5 Ke5 52. Bxb6 Be1 53. Bxa5 Bxf2 54. Bb6 1-0

[Event "Asian Zonal-ch 3.5 Women 2019"]
[Site "Zi Bo"]
[Date "2019.09.07"]
[Round "5.8"]
[White "Yuan, Ye"]
[Black "Zhang, Lanlin"]
[Result "1/2-1/2"]
[ECO "D27"]
[WhiteElo "2092"]
[BlackElo "2203"]
[Annotator "ChessBase"]
[PlyCount "83"]
[EventDate "2019.09.05"]
[EventType "swiss"]
[EventCountry "CHN"]
[SourceTitle "playchess.com"]
[Source "ChessBase"]
[SourceQuality "1"]
[TimeControl "5400+30"]

1. d4 d5 2. c4 e6 3. Nf3 a6 4. Nc3 dxc4 5. a4 c5 6. e3 Nf6 7. Bxc4 Be7 8. O-O Nbd7 9. dxc5 Nxc5 10. Qxd8+ Bxd8 11. b4 Nce4 12. Nxe4 Nxe4 13. Bb2 Bf6 14. Bxf6 Nxf6 15. Rfd1 Bd7 16. Ne5 Ke7 17. Nxd7 Nxd7 18. Rac1 Rac8 19. Bb3 b5 20. f3 Ne5 21. Kf1 Rhd8 22. Rxc8 Rxc8 23. axb5 axb5 24. Ke2 Nc6 25. Rb1 Kd6 26. Kd2 Kc7 27. f4 Kb6 28. Bd1 Ne7 29. Bf3 Nf5 30. Be4 Nd6 31. Bd3 Ra8 32. Kc3 Ra2 33. Bc2 Nc4 34. Re1 Ra3+ 35. Kd4 Ra2 36. Kc3 Na3 37. Bxh7 Rxg2 38. Bd3 Rxh2 39. Kb3 Rd2 40. Kc3 Rh2 41. Kb3 Rd2 42. Kc3 1/2-1/2

[Event "Asian Zonal-ch 3.5 Women 2019"]
[Site "Zi Bo"]
[Date "2019.09.07"]
[Round "5.9"]
[White "Hu, Yu A."]
[Black "Wang, Yuehan"]
[Result "1-0"]
[ECO "B31"]
[WhiteElo "2105"]
[BlackElo "1600"]
[Annotator "ChessBase"]
[PlyCount "97"]
[EventDate "2019.09.05"]
[EventType "swiss"]
[EventCountry "CHN"]
[SourceTitle "playchess.com"]
[Source "ChessBase"]
[SourceQuality "1"]
[TimeControl "5400+30"]

1. e4 c5 2. Nf3 Nc6 3. Bb5 g6 4. Bxc6 dxc6 5. d3 Bg7 6. Nc3 e5 7. Be3 Qe7 8. h3 Nf6 9. Qd2 Nd7 10. Bh6 Bxh6 11. Qxh6 f6 12. O-O-O Nf8 13. Qe3 Ne6 14. g4 Nd4 15. Nd2 Be6 16. Kb1 O-O-O 17. f4 g5 18. fxe5 fxe5 19. Ne2 h5 20. Nxd4 cxd4 21. Qg3 hxg4 22. hxg4 Rh4 23. Nf3 Rxg4 24. Qxe5 Rg2 25. Rh8 c5 26. Rdh1 g4 27. Rxd8+ Qxd8 28. Qxe6+ Qd7 29. Qxd7+ Kxd7 30. Ne1 Re2 31. Kc1 g3 32. Rg1 Re3 33. Kd2 Kc6 34. Rf1 g2 35. Nxg2 Rg3 36. Nf4 Kd6 37. Rf2 Ke5 38. Ne2 Rh3 39. Rf5+ Kd6 40. c3 dxc3+ 41. bxc3 b5 42. Rf6+ Kc7 43. Rf7+ Kb6 44. e5 a5 45. e6 Rh8 46. e7 Re8 47. Nf4 Kc6 48. Ng6 Kd7 49. Rf8 1-0

[Event "Asian Zonal-ch 3.5 Women 2019"]
[Site "Zi Bo"]
[Date "2019.09.07"]
[Round "5.10"]
[White "Zhao, Shengxin"]
[Black "Cai Youyang"]
[Result "1-0"]
[ECO "E01"]
[WhiteElo "2162"]
[BlackElo "1910"]
[Annotator "ChessBase"]
[PlyCount "75"]
[EventDate "2019.09.05"]
[EventType "swiss"]
[EventCountry "CHN"]
[SourceTitle "playchess.com"]
[Source "ChessBase"]
[SourceQuality "1"]
[TimeControl "5400+30"]

1. Nf3 d5 2. g3 e6 3. Bg2 Nf6 4. O-O Bd6 5. c4 O-O 6. d4 c6 7. Nc3 b6 8. Bg5 Be7 9. Bxf6 Bxf6 10. e4 dxe4 11. Nxe4 Be7 12. Qc2 Bb7 13. Rfd1 Nd7 14. c5 Qc7 15. b4 Rfd8 16. h4 h6 17. Rac1 a5 18. a3 axb4 19. axb4 Nf6 20. Ne5 Nd5 21. Qb3 bxc5 22. Nxc5 Bxc5 23. Rxc5 Qb6 24. b5 Ra5 25. Qf3 Qc7 26. b6 Qxe5 27. Rxa5 Qb8 28. Qb3 Ne7 29. Be4 Nc8 30. Bd3 Rd7 31. Ba6 Bxa6 32. Rxa6 Qb7 33. Rda1 Rxd4 34. Ra8 Kh7 35. Rxc8 Qxc8 36. b7 Qb8 37. Ra8 Qe5 38. Qb1+ 1-0

[Event "Asian Zonal-ch 3.5 Women 2019"]
[Site "Zi Bo"]
[Date "2019.09.07"]
[Round "5.11"]
[White "Zhao, Caidi"]
[Black "Zhou, Zirun"]
[Result "0-1"]
[ECO "C77"]
[WhiteElo "1540"]
[BlackElo "2155"]
[Annotator "ChessBase"]
[PlyCount "90"]
[EventDate "2019.09.05"]
[EventType "swiss"]
[EventCountry "CHN"]
[SourceTitle "playchess.com"]
[Source "ChessBase"]
[SourceQuality "1"]
[TimeControl "5400+30"]

1. e4 e5 2. Nf3 Nc6 3. Bb5 a6 4. Ba4 Nf6 5. d3 b5 6. Bb3 Bc5 7. Nc3 d6 8. Nd5 h6 9. c3 Rb8 10. O-O O-O 11. Be3 Nxd5 12. Bxd5 Bxe3 13. fxe3 Ne7 14. Bb3 Kh8 15. d4 exd4 16. exd4 f5 17. exf5 Nxf5 18. Qd2 Bd7 19. Rae1 a5 20. Be6 Bxe6 21. Rxe6 Nh4 22. Qe3 Nxf3+ 23. Rxf3 Rxf3 24. Qxf3 Qg5 25. Qe3 Qxe3+ 26. Rxe3 b4 27. c4 Rf8 28. b3 Rf4 29. d5 Rd4 30. Re2 a4 31. Kf2 a3 32. Ke3 Rd1 33. Kf4 Kg8 34. Kf3 Kf7 35. Kf4 Rh1 36. h3 Rb1 37. Ke3 Kf6 38. Kd3 Kf5 39. Rf2+ Ke5 40. Rf7 Rb2 41. Rxc7 Rxa2 42. Rb7 Ra1 43. Kc2 Rg1 44. Ra7 Kd4 45. g4 Rg2+ 0-1

[Event "Asian Zonal-ch 3.5 Women 2019"]
[Site "Zi Bo"]
[Date "2019.09.07"]
[Round "5.12"]
[White "Xue, Yue"]
[Black "Ha, Yihan"]
[Result "1-0"]
[ECO "B12"]
[WhiteElo "1678"]
[BlackElo "1580"]
[Annotator "NA"]
[PlyCount "101"]
[EventDate "2019.09.05"]
[EventType "swiss"]
[EventCountry "CHN"]
[SourceTitle "playchess.com"]
[Source "ChessBase"]
[SourceQuality "1"]
[TimeControl "5400+30"]

1. e4 c6 2. d4 d5 3. e5 Bf5 4. Nf3 e6 5. Be2 Nd7 6. O-O Ne7 7. Nbd2 h6 8. c3 g5 9. Ne1 Qc7 10. Nb3 Bg7 11. Be3 Bg6 12. Nd3 b6 13. Bh5 Rc8 14. f4 gxf4 15. Bxg6 Nxg6 16. Nxf4 Ndf8 17. Nh5 Rg8 18. Nxg7+ Rxg7 19. Bxh6 Rg8 20. Qe1 Qe7 21. Rc1 Nh4 22. Rc2 c5 23. Rcf2 Nf5 24. Be3 c4 25. Nd2 Qh4 26. Rxf5 Qxe1 27. Rxe1 exf5 28. Rf1 Ne6 29. Rxf5 Ke7 30. Nf3 Rg6 31. h4 Rcg8 32. Ng5 Nxg5 33. Bxg5+ Ke6 34. g4 b5 35. Kf2 a5 36. Kf3 b4 37. Rf6+ Rxf6+ 38. Bxf6 a4 39. cxb4 a3 40. bxa3 c3 41. Ke2 Rxg4 42. Kd3 Rg3+ 43. Kc2 Kf5 44. b5 Ke4 45. e6 fxe6 46. b6 Rg2+ 47. Kxc3 Rg1 48. a4 Rb1 49. a5 Rb5 50. Be5 Kf5 51. Bc7 1-0

[Event "Asian Zonal-ch 3.5 Women 2019"]
[Site "Zi Bo"]
[Date "2019.09.08"]
[Round "6.1"]
[White "Li, Yunshan"]
[Black "Zhu, Jiner"]
[Result "0-1"]
[ECO "E06"]
[WhiteElo "2261"]
[BlackElo "2471"]
[Annotator "ChessBase"]
[PlyCount "76"]
[EventDate "2019.09.05"]
[EventType "swiss"]
[EventCountry "CHN"]
[SourceTitle "playchess.com"]
[Source "ChessBase"]
[SourceQuality "1"]
[TimeControl "5400+30"]

1. d4 Nf6 2. c4 e6 3. g3 d5 4. Bg2 Be7 5. Nf3 O-O 6. Qc2 dxc4 7. Nbd2 Nc6 8. Qxc4 a5 9. O-O a4 10. e4 Bd7 11. Rd1 Na5 12. Qc2 Bb5 13. Nf1 Ra6 14. Bf4 a3 15. b3 Nc6 16. Rac1 Nb4 17. Qb1 Rc6 18. Rxc6 bxc6 19. Bc1 Qa8 20. Ne3 Rd8 21. Ne5 Qa7 22. N5c4 Bxc4 23. Nxc4 Rxd4 24. Rxd4 Qxd4 25. Bxa3 Bc5 26. Ne3 Qd2 27. Bxb4 Bxb4 28. Qd1 Qxa2 29. Qd8+ Bf8 30. Qxc7 Qb1+ 31. Bf1 Qxe4 32. Nc4 Ng4 33. Qb6 Qf5 34. Kg2 c5 35. f3 Qc2+ 36. Kh3 Nf2+ 37. Kg2 Ne4+ 38. Kh3 Ng5+ 0-1